woodfighter, chaotic female orcish Cavewoman --- ------------------ ----- .. |..|..-....-..|..| +...| |.| |..|..|....|..|.(| |...| |.----|-----....----|--+-----...| ------ |....................%..........| ----- #-....| +.-|-----+--.......---|---+--...|######.....#####|....| |.|..|..| |......{|.%..| |...|# |...| |.<..| |.|..|..| |.......|....| |q@.|# ##....| ------ |.----|-----.......|.._.| |...|[ # |...| |.............{....|....| |...|# ### ----- |.------+--------.----------|...|# # |.| |((..-)| |(((.-...|### |.+ |(%(.|.+ |(((.|...|# |.| |(((.|.| |(((.|....# |.---------------.-----------...|# |...............................|# ---------------------------------# woodfighter the Young Cave Woman Experience level: 7 Strength: 16 Dexterity: 16 Constitution: 16 Intelligence: 13 Wisdom: 7 Charisma: 9 Health: 0(48) Energy: 17(17) Def: 15 Gold: 0 Moves: 3319 Dungeon seed: 9iEPRf6tm-kZzsmm Game ID: woodfighter_1475094595 Your Inventory: Weapons a - a +1 club (weapon in hand) o - 50 +0 arrows (in quiver) p - a +0 bow (alternate weapon; not wielded) Armor e - an uncursed +0 dwarvish cloak n - a blessed +3 dwarvish cloak (being worn) q - an uncursed +0 dwarvish cloak r - an uncursed +0 dwarvish cloak u - an uncursed +0 dwarvish cloak v - an uncursed +0 dwarvish iron helm (being worn) y - an uncursed +2 dwarvish mithril-coat (being worn) z - a blessed +1 dwarvish cloak G - a blessed +1 dwarvish cloak N - an uncursed +0 dwarvish cloak Q - an uncursed +0 dwarvish cloak U - an uncursed +0 pair of high boots (being worn) Y - an uncursed +0 dwarvish cloak Comestibles c - an uncursed cram ration O - an uncursed mango P - an uncursed lichen corpse S - 2 uncursed fortune cookies Z - an uncursed lizard corpse Spellbooks l - an uncursed spellbook of identify Wands L - a wand of fire (0:7) Tools t - a +0 pick-axe F - a frost horn (0:8) Spells and supernatural/magical abilities: Name Level Category Fail Memory W - pray for help -- divine ? -- Your skills at the end: Miscellaneous Skills bare handed combat [Basic] Weapon Skills scimitar [Basic] club [Skilled] sling [Basic] Spellcasting Skills Final Attributes: You were piously aligned. You were poison resistant. Your writing hand was ok. You had infravision. You were somewhat stealthy. You were fast. You are dead. Vanquished creatures: a large mimic a lizard a gnome king a fog cloud 4 gnome lords 3 gnomish wizards 10 dwarves a kobold shaman an iguana a monkey 3 orc zombies a dwarf zombie a hobbit a gecko a red mold 26 gnomes 9 garter snakes a manes a gnome zombie 3 jackals a newt 2 grid bugs 4 lichens 3 kobold zombies 81 creatures vanquished. Voluntary challenges: You did not cause conflict. You were not invisible. You did not have reflection. You had been an atheist until turn 3038. You used a wielded weapon 150 times, starting on turn 98. You did not apply a unicorn horn. You did not use plumbed fixtures. You did not drink any magical draughts. You read items or engraved 1 time, starting on turn 3170. You never genocided any monsters. You never polymorphed an object. You never changed form. You used no wishes. You never split a pudding. You never wrote Elbereth's name. You never violated your personal moral code. Dungeon overview: The Dungeons of Doom: levels 1 to 4 Level 1 (water + locked box) a fountain a long staircase Level 2 (water) Level 3 a jewelry store stairs to The Gnomish Mines Level 4 The Gnomish Mines: levels 4 to 7 Level 4 stairs to The Dungeons of Doom Level 5 Level 6 Level 7 <- You were here some shops, a temple to Ishtar, a magic chest, some fountains History has recorded: On T:1 you entered the Dungeons of Doom to retrieve the Amulet of Yendor! On T:24 you reached level 2 of The Dungeons of Doom. On T:568 you reached level 3 of The Dungeons of Doom. On T:973 you advanced to experience level 2. On T:1000 you reached level 1 of The Gnomish Mines. On T:1033 you reached level 4 of The Dungeons of Doom. On T:1395 you advanced to experience level 3. On T:1441 you reached level 2 of The Gnomish Mines. On T:1468 you advanced to experience level 4. On T:1931 you advanced to experience level 5. On T:2162 you advanced to experience level 6. On T:2401 you reached level 3 of The Gnomish Mines. On T:2774 you reached level 4 of The Gnomish Mines. On T:3019 you entered the Minetown temple On T:3118 you opened a magic chest. On T:3262 you advanced to experience level 7. Score breakdown: Gold: 0 ( 0 points) Experience: 7 levels ( 600 points) Exploration: 7 levels ( 180 points) Discoveries: 18 items ( 900 points) Variety of kills: 24 monsters ( 1200 points) Major goal: reached Minetown ( 500 points) Survival: died (score multiplied by 3) Total score: 10140 Latest messages: You see here a whistle (13 zorkmids). "For you, esteemed lady; only 13 for this whistle." Z - a whistle (unpaid, 13 zorkmids). You produce a strange whistling sound. You drop a magic whistle (unpaid, 13 zorkmids). This orange is delicious! You finish eating the orange. Moving: Z - a lizard corpse. You see here a mirror (13 zorkmids). You hear someone cursing shoplifters. You see here a mirror (13 zorkmids). A mirror, price 13 zorkmids. You see here an uncursed pick-axe. t - an uncursed pick-axe. You hit the mumak! The mumak butts! The mumak bites! You hit the mumak! The mumak misses. (2x) You hit the mumak! The mumak butts! You die... Final status: Goodbye woodfighter the Cavewoman, killed by a mumak... You died in The Gnomish Mines on dungeon level 7 with 10140 points, and 0 pieces of gold, after 3319 moves. You were level 7 with a maximum of 48 hit points when you died.